 Dungeon Crawl Stone Soup version 0.28.0-53-g5a82cb258f (webtiles) character file.

Game seed: 728646301059845667

1839 Plasmagod the Destroyer (level 8, -6/41 HPs)
             Began as a Deep Elf Conjurer on July 25, 2022.
             Was an Initiate of Vehumet.
             Mangled by a hornet (9 damage)
             ... on level 7 of the Dungeon.
             The game lasted 00:25:11 (8043 turns).

Plasmagod the Destroyer (Deep Elf Conjurer)         Turns: 8043, Time: 00:25:12

Health: -6/41      AC:  9    Str:  4    XL:     8   Next: 87%
Magic:  3/20       EV: 13    Int: 26    God:    Vehumet [......]
Gold:   227        SH:  0    Dex: 13    Spells: 7/21 levels left

rFire   . . .      SeeInvis .   F - +7 staff of the Meek {protect, meekguard}
rCold   . . .      Faith    .   (shield currently unavailable)
rNeg    . . .      Spirit   .   a - +0 robe
rPois   .          Reflect  .   m - +0 helmet
rElec   .          Harm     .   t - +0 cloak
rCorr   .          Rampage  .   (no gloves)
Will    +....                   s - +0 pair of boots
Stlth   ++........              (no amulet)
HPRegen 0.13/turn               h - ring of willpower
MPRegen 0.17/turn               d - +4 ring of protection

@: no status effects
A: no striking features
a: Renounce Religion


You were on level 7 of the Dungeon.
You worshipped Vehumet.
Vehumet was noncommittal.
You visited 2 branches of the dungeon, and saw 8 of its levels.

You collected 227 gold pieces.

Inventory:

Hand Weapons
 i - a +0 short sword
 F - the +7 staff of the Meek (weapon) {protect, meekguard}
   (You found it on level 6 of the Dungeon)

   It grants its wielder temporary protection when it strikes (+7 to AC).
   It provides extra protection to wielders with little health.
Missiles
 z - 4 throwing nets
Armour
 a - a +0 robe (worn)
 k - a +0 leather armour
 m - a +0 helmet (worn)
 s - a +0 pair of boots (worn)
 t - a +0 cloak (worn)
Magical Staves
 v - a staff of poison
 w - a staff of air
 E - a staff of death
Jewellery
 d - a +4 ring of protection (right hand)
 h - a ring of willpower (left hand)
Wands
 q - a wand of digging (1)
Scrolls
 b - 2 scrolls of vulnerability {unknown}
 c - 2 scrolls of teleportation {unknown}
 e - 2 scrolls of blinking {unknown}
 j - a scroll of magic mapping {unknown}
 l - a scroll of enchant weapon {unknown}
 n - 2 scrolls of immolation {unknown}
 p - 2 scrolls of fog {unknown}
 r - a scroll of enchant armour {unknown}
 u - a scroll of amnesia {unknown}
 y - a scroll of identify {unknown}
 A - 2 scrolls of torment {unknown}
 H - a scroll of fear {unknown}
Potions
 f - 2 potions of degeneration {unknown}
 g - a potion of cancellation {unknown}
 o - 3 potions of curing {unknown}
 x - a potion of attraction {unknown}
 B - a potion of flight {unknown}
 C - a potion of heal wounds {unknown}
 D - a potion of berserk rage {unknown}
 G - a potion of haste {unknown}


   Skills:
 + Level 0.1 Fighting
 + Level 0.3 Short Blades
 + Level 0.1 Staves
 * Level 3.3 Armour
 + Level 3.2 Dodging
 + Level 3.4 Stealth
 + Level 7.0 Spellcasting
 + Level 8.0 Conjurations
 * Level 6.0 Hexes
 * Level 4.9 Summonings


You had 7 spell levels left.
You knew the following spells:

 Your Spells              Type           Power      Damage    Failure   Level
a - Magic Dart            Conj           100%       1d8       1%          1
b - Searing Ray           Conj           100%       2d8       1%          2
c - Dazzling Flash        Conj/Hex       90%        N/A       1%          3
d - Fulminant Prism       Conj/Hex       22%        3d13      3%          4
e - Iskenderun's Mystic   Conj/Tloc      30%        2d8       12%         4

Your spell library contained the following spells:

 Spells                   Type           Power      Damage    Failure   Level
 Summon Small Mammal      Summ           100%       N/A       1%          1
 Ensorcelled Hibernation  Hex/Ice        48%        N/A       2%          2
 Frozen Ramparts          Ice            18%        1d3       19%         3
 Gell's Gravitas          Tloc           9%         N/A       19%         3
 Lesser Beckoning         Tloc           9%         N/A       19%         3
 Spider Form              Tmut/Pois      9%         N/A       19%         3
 Teleport Other           Tloc           9%         N/A       19%         3
 Anguish                  Hex/Necr       12%        N/A       19%         4
 Summon Mana Viper        Hex/Summ       37%        N/A       19%         5
 Summon Forest            Summ/Tloc      11%        N/A       54%         5


Dungeon Overview and Level Annotations

Branches:
Dungeon (7/15)             Temple (1/1) D:6

Altars:
Ashenzari
Dithmenos
Fedhas
Gozag
Kikubaaqudgha
Okawaru
Qazlal
Sif Muna
Trog
Uskayaw
Vehumet
Xom
The Shining One
Beogh

Annotations:
D:4 3 runed translucent doors, ciphuk's ghost, weakling FeCj


Message History

The arrow completely misses you. The hornet closely misses you.
The centaur shoots an arrow.
The arrow hits you.
Casting: Iskenderun's Mystic Blast (quite dangerous; 12% risk of failure)
Confirm with . or Enter, or press ? or * to list all spells.
The spell is quite dangerous to miscast (12% risk of failure)!
Continue anyway?
You erupt in a blast of force!
The mystic blast hits the hornet.
The hornet is moderately wounded.
The hornet is knocked back by the mystic blast.
The centaur shoots an arrow.
The arrow closely misses you.
The centaur shoots an arrow.
The arrow misses you.
An orc comes into view. It is wielding a +0 mace.
The centaur shoots an arrow.
The arrow closely misses you. The hornet stings you!
You feel yourself slow down.
The centaur shoots an arrow.
The arrow hits you but does no damage. The hornet closely misses you.
The centaur shoots an arrow.
The arrow hits you.
* * * LOW HITPOINT WARNING * * *
An orc comes into view. It is wielding a +0 whip.
You feel yourself speed up.
The centaur shoots an arrow.
The arrow misses you. The hornet closely misses you.
The centaur shoots an arrow.
The arrow closely misses you. The hornet stings you!
* * * LOW HITPOINT WARNING * * *
You feel yourself slow down.
You feel yourself speed up.
The centaur shoots an arrow.
The arrow barely misses you.
The centaur shoots an arrow.
The arrow hits you.
* * * LOW HITPOINT WARNING * * *
A bullfrog comes into view.
The hornet closely misses you.
The orc wizard mumbles some strange words.
The orc wizard flickers and vanishes!
Deactivating autopickup; reactivate with Ctrl-A.
The centaur shoots an arrow.
The arrow closely misses you.
An orc wizard comes into view. It is wielding a +0 dagger.
Your magical contamination has completely faded away.
The hornet barely misses you.
The centaur shoots an arrow.
The arrow closely misses you.
The bullfrog gives a loud, deep croak!
The hornet stings you!
You die...

.######........# #.....' ##
#........# #....o#
.######........# #.....#
###............# #.....#
.##............# #..o..#
###............# ######.....#
._#............#####.....o....###
###........####......o...........
)##........#....@y8.8............
.##........#.#...c...F...........
###.......>#....8.....8..........
###......_...............####
#....#....8.....8......#
...#.#...............# ..
#......8.8........#
####.........#....#


You could see a hornet, a bullfrog, a centaur and an orc.

Vanquished Creatures
  A water moccasin (D:7)
  An ice beast (D:5)
  An orc warrior (D:6)
  A black bear (D:5)
  A necrophage (D:7)
  An ogre (D:6)
  A kobold brigand (D:5)
  A bullfrog (D:6)
  A gnoll sergeant (D:5)
  2 scorpions
  A howler monkey (D:5)
  A bullfrog zombie (D:4)
  A hound (D:4)
  A jelly (D:4)
  A bullfrog skeleton (D:5)
  6 orc priests
  5 orc wizards
  Natasha (thrice) (D:4)
  3 iguanas
  Terence (D:3)
  A killer bee zombie (D:7)
  A hound skeleton (D:4)
  Robin (D:4)
  A howler monkey skeleton (D:6)
  3 gnolls (D:5)
  7 adders
  A shadow imp (D:5)
  2 ufetubi
  An adder skeleton (D:4)
  2 worms (D:2)
  2 dart slugs
  44 orcs
  5 bats
  7 endoplasms
  3 giant cockroaches
  8 goblins
  15 hobgoblins
  3 jackals (D:2)
  A quokka (D:2)
  10 ball pythons
  8 frilled lizards
  11 kobolds
  5 rats
176 creatures vanquished.

Vanquished Creatures (others)
  8 fulminant prisms
  9 plants (D:5)
  A withered plant (D:7)
18 creatures vanquished.

Grand Total: 194 creatures vanquished

Notes
Turn   | Place    | Note
-------+----------+-------------------------------------------
     0 | D:1      | Plasmagod the Deep Elf Conjurer began the quest for the
                  | Orb.
     0 | D:1      | Reached XP level 1. HP: 10/10 MP: 6/6
   385 | D:1      | Reached XP level 2. HP: 15/15 MP: 5/8
   473 | D:1      | Reached skill level 5 in Conjurations
   934 | D:1      | Found a faded altar of an unknown god.
  1062 | D:1      | Reached XP level 3. HP: 19/19 MP: 6/9
  1242 | D:1      | Learned a level 2 spell: Searing Ray
  1246 | D:1      | Learned a level 3 spell: Dazzling Flash
  1470 | D:2      | Got Sif Muna's Guide on Icy Calling
  2206 | D:2      | Reached XP level 4. HP: 24/24 MP: 4/11
  2406 | D:3      | Noticed Terence
  2414 | D:3      | Killed Terence
  2430 | D:3      | Reached skill level 1 in Summonings
  2634 | D:4      | Noticed Robin
  2639 | D:4      | Killed Robin
  2640 | D:4      | Reached skill level 1 in Hexes
  2803 | D:4      | Noticed Natasha
  2807 | D:4      | Killed Natasha
  2808 | D:4      | Reached skill level 6 in Conjurations
  2808 | D:4      | Reached XP level 5. HP: 28/28 MP: 6/12
  3007 | D:4      | Noticed Natasha
  3014 | D:4      | Killed Natasha
  3018 | D:4      | Reached skill level 1 in Armour
  3200 | D:4      | Found a runed translucent gate.
  3200 | D:4      | Found a runed translucent gate.
  3200 | D:4      | Found a runed translucent gate.
  3201 | D:4      | Noticed ciphuk's ghost (weakling FeCj)
  3323 | D:4      | Reached XP level 6. HP: 32/32 MP: 10/14
  3360 | D:4      | Learned a level 4 spell: Fulminant Prism
  3688 | D:3      | Found a shimmering blue altar of Sif Muna.
  4359 | D:4      | Noticed Natasha
  4362 | D:4      | Killed Natasha
  4725 | D:4      | Reached XP level 7. HP: 36/36 MP: 5/15
  5166 | D:5      | Entered Level 5 of the Dungeon
  5453 | D:5      | Reached skill level 7 in Conjurations
  5487 | D:5      | Reached skill level 5 in Spellcasting
  5612 | D:5      | Learned a level 4 spell: Iskenderun's Mystic Blast
  5892 | D:5      | Reached XP level 8. HP: 41/41 MP: 12/18
  6072 | D:5      | Identified the +8 mace "Ososet" {flame, rC+ Str+2}
  6435 | D:6      | Reached skill level 5 in Hexes
  7005 | D:6      | Found the +7 staff of the Meek {protect, meekguard}
  7309 | D:6      | Found a staircase to the Ecumenical Temple.
  7318 | Temple   | Entered the Ecumenical Temple
  7326 | Temple   | Became a worshipper of Vehumet
  7545 | D:6      | Found an iron altar of Okawaru.
  7861 | D:7      | Reached skill level 8 in Conjurations
  7969 | D:7      | Found an opulent altar of Gozag.
  7978 | D:7      | Found a shadowy altar of Dithmenos.
  7979 | D:7      | Found a shimmering altar of Xom.
  8006 | D:7      | Found a hide-covered altar of Uskayaw.
  8029 | D:7      | Noticed a hornet
  8043 | D:7      | Mangled by a hornet

Illustrated notes

Levels and vault maps discovered:
D:1:      ebering_trefoil_twist, layout_basic, serial_forest,
          infiniplex_forest_clump_C, infiniplex_forest_straight_2,
          infiniplex_forest_clump_curved, infiniplex_forest_lined_2,
          infiniplex_forest_lined_2, infiniplex_forest_clump_tiny,
          hellmonk_ecumenical_altar_prayer_group
D:2:      layout_basic, kennysheep_generic_room_5
D:3:      layout_rooms, mainiacjoe_overflow_boulevard, uniq_terence
D:4:      layout_basic, gammafunk_ghost_nasty_kobolds, uniq_robin, uniq_natasha
D:5:      layout_gridville, hangedman_decor_growths, lexackson_kobold_supper
D:6:      layout_cave_pools, mainiacjoe_overflow_paths,
          minmay_temple_entry_water_ring, abandoned_shop, pf_guarded_unrand_meek
D:7:      layout_gridville, nicolae_wu_jian_immortal_techniques, minitemple,
          nicolae_uskayaw_dance_hall, serial_undead, serial_undead_b,
          serial_undead_d, serial_undead_c, serial_undead_d, serial_undead_b,
          serial_undead_c, serial_undead_c
Temple:   eino_temple_lava

Skill      XL: |  1  2  3  4  5  6  7  8 |
---------------+-------------------------+-----
Conjurations   | 5 6 7 8 |  8.0
Summonings     | 1 2 3 4 |  4.9
Hexes          | 1 2 4 6 |  6.0
Stealth        | 3 |  3.4
Spellcasting   | 4 5 7 |  7.0
Armour         | 1 2 3 |  3.3
Dodging        | 3 |  3.2
Fighting       | |  0.1
Short Blades   | |  0.3
Staves         | |  0.1

Action                   |  1- 3 |  4- 6 |  7- 9 || total
-------------------------+-------+-------+-------++-------
Melee: Dagger            |     2 |       |       ||     2
       Short sword       |       |    19 |     1 ||    20
       Staff             |       |       |     6 ||     6
       Quarterstaff      |       |       |     2 ||     2
       Punch             |       |       |     1 ||     1
 Cast: Magic Dart        |    93 |    68 |   106 ||   267
       Searing Ray       |       |    24 |    24 ||    48
       Fulminant Prism   |       |     1 |     7 ||     8
       Iskenderun's Myst |       |       |     3 ||     3
Armor: Robe              |     1 |    20 |     7 ||    28
Dodge: Dodged            |     3 |    23 |    32 ||    58
